 Dungeon Crawl Stone Soup version 0.30-a0-1074-g5db6f66fbb (console) character file.

Game seed: 15695071093900379473

11 Banquo the Magician (level 2, -2/22 HPs)
             Began as a Djinni Air Elementalist on Apr 14, 2023.
             Slain by Terence
             ... wielding a +0 flail
              (8 damage)
             ... on level 2 of the Dungeon.
             The game lasted 00:01:30 (836 turns).

Banquo the Magician (Djinni Air Elementalist)        Turns: 836, Time: 00:01:31

Health: -2/22      AC:  2    Str:  7    XL:     2   Next: 35%
Gold:   35         EV: 12    Int: 16    God:
                   SH:  0    Dex: 13

rFire   + + .      SeeInvis .    d - +2 dagger (holy)
rCold   x . .      Faith    .    (no shield)
rNeg    . . .      Spirit   .    a - +0 robe
rPois   ∞          Reflect  .    (no helmet)
rElec   .          Rampage  .    (no cloak)
rCorr   .                        (no gloves)
Will    .....                    (boots unavailable)
Stlth   ++                       (no amulet)
HPRegen 0.23/turn                (no ring)
MPRegen 0.00/turn                (no ring)

@: flying
A: sickness immunity, fire resistance 2, cold vulnerability 1, float, innate
caster, HP casting, extra vitality 1
a: no special abilities


You were on level 2 of the Dungeon.
You visited 1 branch of the dungeon, and saw 2 of its levels.

You collected 35 gold pieces.

Inventory:

Hand Weapons
 b - a +0 mace
 d - a +2 dagger of holy wrath (weapon)
Armour
 a - a +0 robe (worn)
Magical Staves
 e - a staff of earth
Scrolls
 c - 4 scrolls of identify {unknown}
 f - a scroll of immolation {unknown}


   Skills:
 * Level 0.6 Fighting
 - Level 2.1 Dodging
 - Level 1.5 Stealth
 + Level 2.8 Spellcasting


You knew the following spells:

 Your Spells              Type           Power      Damage    Failure   Level
a - Shock                 Conj/Air       44%        1d5       6%          1
d - Static Discharge      Conj/Air       22%        2-3/arc   9%          2
z - Airstrike             Air            5%         2d(1-17)  52%         4
M - Swiftness             Air            11%        N/A       19%         3
Your spell library was empty.

Dungeon Overview and Level Annotations

Branches:
Dungeon (2/15)

Altars:

Annotations:
D:2 Terence


Innate Abilities, Weirdness & Mutations

You are immune to sickness and miasma.
You are immune to poison.
Your flesh is very heat resistant. (rF++)
You are vulnerable to cold. (rC-)
You float through the air rather than walking.
You learn spells naturally, not from books.
Your magical power is your life essence.
You have superior vitality. (+4 MHP)


Message History

Casting: Shock (safe; 6% risk of failure)
Confirm with . or Enter, or press ? or * to list all spells.
Aiming: Shock (safe; 6% risk of failure)
Press: ? - help, Shift-Dir - straight line, p - Terence The zap hits Terence but does no damage.
Terence is lightly wounded.
The zap hits Terence but does no damage.
Terence is lightly wounded.
Terence misses you.
Casting: Shock (safe; 6% risk of failure)
Confirm with . or Enter, or press ? or * to list all spells.
Aiming: Shock (safe; 6% risk of failure)
Press: ? - help, Shift-Dir - straight line The zap hits Terence but does no damage.
Terence is lightly wounded.
The zap hits Terence.
Terence is moderately wounded.
The endoplasm quivers.
Terence hits you with a +0 flail!
Ouch! That really hurt!
Casting: Shock (safe; 6% risk of failure)
Confirm with . or Enter, or press ? or * to list all spells.
Aiming: Shock (safe; 6% risk of failure)
Press: ? - help, Shift-Dir - straight line The zap hits Terence.
Terence is moderately wounded.
The zap hits Terence but does no damage.
Terence is moderately wounded.
* * * LOW HITPOINT WARNING * * *
Terence misses you.
Casting: Shock (safe; 6% risk of failure)
Confirm with . or Enter, or press ? or * to list all spells.
Aiming: Shock (safe; 6% risk of failure)
Press: ? - help, Shift-Dir - straight line The zap misses Terence.
The zap hits Terence but does no damage.
Terence is moderately wounded.
* * * LOW HITPOINT WARNING * * *
Terence hits you with a +0 flail!
You die...

#<....#
#.#########
#.........#
#.####....# #.#
#....#
########....##...
.................
#.#######@###..).
#....J@.# ....
##.###### .. #.#
#.# #'#
#g.........J#
##..........#
####....?..#
#.......+


You could see Terence and an endoplasm.

Vanquished Creatures
  2 endoplasms (D:1)
  A goblin (D:1)
  3 jackals (D:1)
  A ball python (D:1)
  2 bats (D:1)
  A rat (D:1)
10 creatures vanquished.

Notes
Turn   | Place    | Note
-------+----------+-------------------------------------------
     0 | D:1      | Banquo the Djinni Air Elementalist began the quest for the
                  | Orb.
     0 | D:1      | Banquo set off with the following spells memorised: Shock,
                  | Static Discharge, Swiftness, Airstrike.
     0 | D:1      | Reached XP level 1. HP: 15/15 MP: 0/0
   212 | D:1      | Reached XP level 2. HP: 18/22 MP: 0/0
   830 | D:2      | Noticed Terence
   836 | D:2      | Slain by Terence

Illustrated notes

Levels and vault maps discovered:
D:1:      minmay_arrival_plants_in_alcoves, layout_loops_ring,
          chequers_hall_statues_wall_a
D:2:      layout_basic, serial_shops, nicolae_shop_behind_doors, basic_altar,
          uniq_terence

Action                     || total
---------------------------++-------
   Cast: Shock             ||    22
 Armour: Robe              ||     1
  Dodge: Dodged            ||     4

Table legend: (Time is in decaauts)
 A = Elapsed time spent in this place.
 B = Non-inter-level travel time spent in this place.
 C = Inter-level travel time spent in this place.
 D = Time resting spent in this place.
 E = Time spent auto-exploring this place.
 F = Levels seen in this place.
 G = Mean time per level.
                   A        B        C        D        E       F      G
               +--------+--------+--------+--------+--------+-----+--------+
         Total |    835 |    759 |     76 |      0 |    677 |   2 |  417.5 |
       Dungeon |    835 |    759 |     76 |      0 |    677 |   2 |  417.5 |
               +--------+--------+--------+--------+--------+-----+--------+

Top non-repeatable levels by time:
     D:1: 785 daAuts
     D:2: 50 daAuts
